 Dungeon Crawl Stone Soup version 0.29.1-14-g9c671dbff4 (webtiles) character file.

Game seed: 10503973406131263400

2149 Goreval the Slicer (level 9, -2/45 HPs)
             Began as a Kobold Enchanter on Feb 16, 2023.
             Was an Initiate of Ashenzari.
             Slain by a gargoyle
             ... wielding a +0 flail
              (19 damage)
             ... in a bailey on Feb 20, 2023.
             The game lasted 00:30:53 (8178 turns).

Goreval the Slicer (Kobold Enchanter)               Turns: 8178, Time: 00:30:53

Health: -2/45      AC:  8    Str:  5    XL:     9   Next: 56%
Magic:  15/15      EV: 16    Int: 20    God:    Ashenzari [......]
Gold:   491        SH:  0    Dex: 16    Spells: 7/16 levels left

rFire   . . .      SeeInvis .   w - +2 short sword (elec)
rCold   + . .      Faith    .   (no shield)
rNeg    . . .      Spirit   .   C - +0 leather armour
rPois   .          Reflect  .   e - +2 helmet of the Chained Planets {Evo, Cun} (curse)
rElec   .          Harm     .   p - +0 cloak
rCorr   .          Rampage  .   (no gloves)
Will    .....                   q - +0 pair of boots
Stlth   ++++......              (no amulet)
HPRegen 0.15/turn               G - ring of protection from cold
MPRegen 0.14/turn               (no ring)

@: invisible
A: small, no large weapons, nightstalker 3
a: Renounce Religion, Shatter the Chains


You were in a bailey.
You worshipped Ashenzari.
Ashenzari was noncommittal.
You visited 1 branch of the dungeon, and saw 7 of its levels.
You also visited: Bailey.

You collected 491 gold pieces.

Inventory:

Hand Weapons
 s - a +0 dagger of speed
 w - a +2 short sword of electrocution (weapon)
 x - a +1 dagger of holy wrath
Missiles
 E - 3 curare-tipped darts
Armour
 e - the cursed +2 helmet of the Chained Planets (worn) {Evo, Cun}
   (You found it on level 5 of the Dungeon)

   It has a curse which improves the following skills: Evocations: Evocations.
   Cunning:   Dodging and Stealth.
 p - a +0 cloak (worn)
 q - a +0 pair of boots (worn)
 C - a +0 leather armour (worn)
 D - a +0 buckler
 F - a +0 cloak
 H - a +2 ring mail of poison resistance
 J - a +4 scale mail of poison resistance
 L - the +1 acid dragon scales "Imogg" {Will+ rCorr}
   (You found it in a bailey)

   rCorr:     It protects you from acid and corrosion.
   Will:      It increases your willpower.
Magical Staves
 K - a staff of fire
Jewellery
 G - a ring of protection from cold (left hand)
Wands
 y - a wand of charming (12)
 z - a wand of flame (13)
Scrolls
 a - a scroll of brand weapon {unknown}
 b - 5 scrolls of teleportation
 d - a scroll of magic mapping {unknown}
 h - a scroll of vulnerability
 n - 3 scrolls of immolation
 r - a scroll of torment {unknown}
 t - a scroll of butterflies {unknown}
 u - 2 scrolls of amnesia
 v - a scroll of identify
 A - 2 scrolls of fear {unknown}
 B - a scroll of noise {unknown}
Potions
 c - 2 potions of invisibility
 f - a potion of experience {unknown}
 g - 2 potions of curing {unknown}
 i - 2 potions of attraction
 j - 2 potions of heal wounds {unknown}
 k - 3 potions of might {unknown}
 l - a potion of degeneration {unknown}
 m - 2 potions of brilliance {unknown}
 o - 3 potions of flight
 I - 2 potions of mutation {unknown}


   Skills:
 * Level 9.3 Short Blades
 - Level 5.0(5.4) Dodging
 + Level 6.6(7.1) Stealth
 + Level 4.1 Spellcasting
 * Level 7.6 Hexes
 + Level 2.4(2.8) Evocations


You had 7 spell levels left.
You knew the following spells:

 Your Spells              Type           Power      Damage    Failure   Level
a - Ensorcelled Hibernat  Hex/Ice        38%        N/A       7%          2
b - Confusing Touch       Hex            34%        N/A       2%          3
c - Tukima's Dance        Hex            34%        N/A       2%          3
d - Slow                  Hex            100%       N/A       1%          1

Your spell library contained the following spells:

 Spells                   Type           Power      Damage    Failure   Level
 Cause Fear               Hex            17%        N/A       9%          4
 Dazzling Flash           Conj/Hex       38%        N/A       13%         3
 Inner Flame              Hex/Fire       19%        N/A       13%         3
 Anguish                  Hex/Necr       9%         N/A       41%         4
 Spider Form              Tmut/Pois      4%         N/A       54%         3
 Vampiric Draining        Necr           4%         2d6       54%         3
 Silence                  Hex/Air        9%         N/A       77%         5
 Agony                    Necr           4%         N/A       99%         5
 Discord                  Hex            17%        N/A       100%        8


Dungeon Overview and Level Annotations

Branches:
Dungeon (7/15) Zot: 26950  Temple (0/1) D:6          Bailey (1/1) Zot: 5090

Altars:
Ashenzari
Cheibriados
Sif Muna
Xom

Shops:
D:3 :


Innate Abilities, Weirdness & Mutations

You are small and have problems with some larger weapons.
You are completely attuned to the shadows.


Message History

There are no items here.
There is a large open door here.
You see here a +0 trident.
Unknown command.
Unknown command.
Save game and exit?
Level annotation: exclusion: gargoyle Welcome back, Goreval the Kobold Enchanter.
Ashenzari says: Partake of my vision.
Partake of my curse.
Unknown command.
There is a large open door here.
As you open the door, it creaks loudly!
There is an open door here.
Partly explored, can't reach some places.
Partly explored, can't reach some places.
Okay, then.
There is an open door here.
There is a large open door here.
Okay, then.
Okay, then.
This spell is dangerous to cast!
Memorise Tukima's Dance, consuming 3 spell levels and leaving 8?
You start memorising the spell.
You continue memorising. x3
You finish memorising.
Spell assigned to 'c'.
Memorise Slow, consuming 1 spell level and leaving 7?
You start memorising the spell.
You continue memorising.
You finish memorising.
Spell assigned to 'd'.
Okay, then.
You can't see that place. [the floor.]
The gargoyle hurls a stone arrow at you.
The stone arrow hits you!!
Ouch! That really hurt!
The gargoyle attacks as you move away!
The gargoyle hits you but does no damage.
Here: a gargoyle, wielding a +0 flail The floor, spattered with blood.
You fade into invisibility!
The gargoyle hits you with a +0 flail!!
You die...

###### ##)..8##
##......## #8..##..8#
#..####..# ####
######..####..# #..#
.....#...##...# #.)#
....9##......##
#.)#######.@.##....##
#..#8....##...##''###
####'#......#..)......#
#....#........)......8#
#....#...#....#########
#....'...##..##.....8#
#....'....####..)....#
#....####...#........#
#....#).#..)........#####


You could see a gargoyle (unable to see you).

Vanquished Creatures
  Grinder (D:5)
  A vampire (Bailey)
  A steam dragon (D:5)
  2 black bears
  An ogre (D:5)
  2 scorpions
  7 vampire bats (Bailey)
  A howler monkey (D:6)
  A jelly (D:4)
  7 wolf zombies (Bailey)
  3 hounds
  An orc priest (D:6)
  A gnoll bouda (D:6)
  Crazy Yiuf (D:2)
  4 iguanas
  2 orc wizards
  Robin (D:3)
  5 adders
  9 gnolls
  2 shadow imps
  2 ufetubi (D:4)
  5 dart slugs
  8 orcs
  7 ball pythons
  8 bats
  4 endoplasms
  6 giant cockroaches (D:2)
  18 goblins
  11 hobgoblins
  2 jackals (D:3)
  3 kobolds
  6 quokkas
  2 frilled lizards (D:3)
  19 orc zombies (Bailey)
  3 rats
157 creatures vanquished.

Notes
Turn   | Place    | Note
-------+----------+-------------------------------------------
     0 | D:1      | Goreval the Kobold Enchanter began the quest for the Orb.
     0 | D:1      | Reached XP level 1. HP: 10/10 MP: 3/3
   549 | D:1      | Reached XP level 2. HP: 15/15 MP: 5/5
   595 | D:1      | Reached skill level 2 in Short Blades
   598 | D:1      | Learned a level 2 spell: Ensorcelled Hibernation
   978 | D:1      | Reached XP level 3. HP: 19/19 MP: 6/6
  1132 | D:1      | Learned a level 3 spell: Confusing Touch
  1428 | D:2      | Found a faded altar of an unknown god.
  1485 | D:2      | Found a runed translucent door.
  1488 | D:2      | Noticed Crazy Yiuf
  1590 | D:2      | Reached skill level 3 in Short Blades
  1755 | D:2      | Reached XP level 4. HP: 23/24 MP: 7/7
  2079 | D:2      | Killed Crazy Yiuf
  2193 | D:3      | Found Bocwiefe's Vocational Training.
  2695 | D:3      | Noticed Robin
  2699 | D:3      | Killed Robin
  2700 | D:3      | Reached XP level 5. HP: 20/28 MP: 5/8
  2902 | D:3      | Reached skill level 4 in Short Blades
  3784 | D:4      | Reached XP level 6. HP: 22/32 MP: 7/9
  3785 | D:4      | Found a snail-covered altar of Cheibriados.
  3908 | D:4      | Reached skill level 5 in Short Blades
  4390 | D:5      | Entered Level 5 of the Dungeon
  4390 | D:5      | Noticed a steam dragon
  4498 | D:5      | Reached skill level 5 in Hexes
  4517 | D:5      | Killed a steam dragon
  4518 | D:5      | Reached skill level 6 in Short Blades
  4518 | D:5      | Reached XP level 7. HP: 36/36 MP: 7/10
  4852 | D:5      | Noticed Grinder
  4857 | D:5      | Killed Grinder
  4858 | D:5      | Reached skill level 7 in Short Blades
  4858 | D:5      | Reached skill level 5 in Dodging
  4858 | D:5      | Reached XP level 8. HP: 30/41 MP: 11/11
  5167 | D:5      | Found a shimmering blue altar of Sif Muna.
  5205 | D:5      | Found a shimmering altar of Xom.
  5307 | D:5      | Found a broken altar of Ashenzari.
  5378 | D:5      | Became a worshipper of Ashenzari the Shackled
  5810 | D:6      | Reached skill level 5 in Stealth
  6421 | D:6      | Reached skill level 8 in Short Blades
  6805 | D:6      | Found a staircase to the Ecumenical Temple.
  6868 | D:6      | Reached XP level 9. HP: 45/45 MP: 11/14
  7218 | D:7      | Found a flagged portal.
  7235 | Bailey   | Entered a bailey
  7517 | Bailey   | Noticed a gargoyle
  7624 | Bailey   | Reached skill level 1 in Evocations
  7868 | Bailey   | Reached skill level 9 in Short Blades
  8099 | Bailey   | Identified the +1 acid dragon scales "Imogg" {Will+ rCorr}
  8167 | Bailey   | Learned a level 3 spell: Tukima's Dance
  8169 | Bailey   | Learned a level 1 spell: Slow
  8178 | Bailey   | Slain by a gargoyle

Illustrated notes

Levels and vault maps discovered:
D:1:      noname_arrival_rooms_in_the_neighbourhood, layout_basic
D:2:      layout_loops_ring, hellmonk_ecumenical_altar_pennies_from_heaven,
          hangedman_decor_growths, minmay_worlds_worst_comb,
          uniq_crazy_yiuf_cottage
D:3:      layout_loops_ring, nicolae_shop_vocational, uniq_robin
D:4:      layout_rooms, mainiacjoe_overflow_alcove_2, serial_glass,
          glass_columns_a, glass_columns_b, hangedman_minor_gate_pass
D:5:      layout_gridville, amcnicky_altar_gilded, mainiacjoe_overflow_alcove_4,
          lemuel_round_altar, amethyst_killhole, uniq_grinder
D:6:      layout_basic, minmay_temple_entry_statues_fountains, st_stairs_11,
          kennysheep_big_empty_room
D:7:      layout_loops_ring, enter_bailey_2, kennysheep_generic_room_6
Bailey:   bailey_polearm_vampire_castle_hellmonk, bailey

Skill      XL: |  1  2  3  4  5  6  7  8  9 |
---------------+----------------------------+-----
Short Blades   | 2 3 4 6 7 8 9 |  9.3
Dodging        | 3 4 5 |  5.0
Hexes          | 4 5 6 7 |  7.6
Stealth        | 5 6 |  6.6
Spellcasting   | 3 4 |  4.1
Evocations     | 2 |  2.4

Action                   |  1- 3 |  4- 6 |  7- 9 || total
-------------------------+-------+-------+-------++-------
Melee: Dagger            |    95 |    67 |       ||   162
       Punch             |     1 |     1 |     4 ||     6
       Short sword       |       |    56 |   188 ||   244
Throw: Stone             |     2 |       |       ||     2
       Dart              |       |       |     3 ||     3
 Cast: Ensorcelled Hiber |     9 |    19 |     6 ||    34
       Confusing Touch   |       |     2 |    17 ||    19
Invok: Curse Item        |       |       |     1 ||     1
  Use: Scroll            |       |     2 |     4 ||     6
       Potion            |       |       |     1 ||     1
 Stab: Sleeping          |    23 |    30 |    36 ||    89
       Distracted        |       |     1 |       ||     1
       Confused          |       |       |     7 ||     7
Armor: Robe              |    20 |     5 |       ||    25
       Leather armour    |       |       |    38 ||    38
Dodge: Dodged            |    65 |    55 |    94 ||   214
